 Dungeon Crawl Stone Soup version 0.30.1-11-g7821555f0a (webtiles) character file.

Game seed: 10852372596913259110

328 jagang the Slasher (level 6, -8/49 HPs)
             Began as a Human Monk on Jan 11, 2024.
             Mangled by Eustachio
             ... wielding a +3 falchion of electrocution
              (17 damage)
             ... on level 5 of the Dungeon.
             The game lasted 00:09:30 (3229 turns).

jagang the Slasher (Human Monk)                     Turns: 3229, Time: 00:09:31

Health: -8/49      AC: 16    Str: 11    XL:     6   Next: 80%
Magic:  6/6        EV:  3    Int: 11    God:
Gold:   81         SH:  0    Dex: 17    Spells: 5/5 levels left

rFire   . . .        a - +0 falchion
rCold   . . .        d - orb {light}
rNeg    . . .        A - +0 plate armour
rPois   .            (no helmet)
rElec   .            (no cloak)
rCorr   .            B - +0 pair of gloves
SInv    .            (no boots)
Will    .....        (no amulet) Stlth
                     b - +4 ring of protection
HPRegen 0.28/turn    (no ring)
MPRegen 0.10/turn

%: no passive effects
@: glowing
A: no striking features
a: no special abilities


You were on level 5 of the Dungeon.
You visited 1 branch of the dungeon, and saw 5 of its levels.
You also visited: Sewer.

You collected 301 gold pieces.
You spent 220 gold pieces at shops.

Inventory:

Hand Weapons
 a - a +0 falchion (weapon)
Armour
 d - an orb of light (worn)
 t - a +0 buckler
 A - a +0 plate armour (worn)
 B - a +0 pair of gloves (worn)
Jewellery
 b - a +4 ring of protection (left hand)
 e - a ring of see invisible
Wands
 z - a wand of mindburst (13)
Scrolls
 h - 2 scrolls of butterflies
 i - a scroll of enchant weapon
 k - a scroll of amnesia
 m - 3 scrolls of noise
 n - a scroll of torment
 u - 2 scrolls of blinking
 v - a scroll of brand weapon
 w - 2 scrolls of enchant armour
 x - a scroll of fear
 y - 2 scrolls of identify
 C - a scroll of silence
 D - a scroll of teleportation
 E - a scroll of vulnerability
Potions
 c - a potion of ambrosia
 f - a potion of degeneration {unknown}
 g - a potion of cancellation {unknown}
 j - a potion of haste {unknown}
 l - a potion of attraction {unknown}
 o - 2 potions of flight {unknown}
 p - 4 potions of heal wounds {unknown}
 q - 2 potions of lignification {unknown}
 r - a potion of curing {unknown}
 s - a potion of magic {unknown}


   Skills:
 * Level 4.4 Fighting
 * Level 4.4 Long Blades
 * Level 3.1 Armour
 + Level 3.6 Dodging
 + Level 1.5 Shields


You had 5 spell levels left.
You didn't know any spells.
Your spell library contained the following spells:

 Spells                   Type           Power      Damage    Failure   Level
 Animate Dead             Necr           0%         N/A       100%        4
 Summon Ice Beast         Ice/Summ       0%         N/A       100%        4
 Borgnjor's Vile Clutch   Necr/Erth      0%         N/A       100%        5
 Summon Mana Viper        Hex/Summ       0%         N/A       100%        5
 Death Channel            Necr           0%         N/A       100%        6
 Monstrous Menagerie      Summ           0%         N/A       100%        7


Dungeon Overview and Level Annotations

Branches:
Dungeon (5/15)             Temple (0/1) D:5           Sewer (visited)

Altars:
Sif Muna

Shops:
D:1 =[   D:4 [(?[

Annotations:
D:5 Eustachio


Message History

The shadow imp hits you but does no damage. x2
You hit Eustachio but do no damage.
The jackal bites you but does no damage.
The quokka bites you but does no damage.
The jackal bites you but does no damage.
Eustachio hits you but does no damage. The rat bites you but does no damage.
The shadow imp hits you but does no damage. x2
The jackal bites you but does no damage.
You hit Eustachio.
Eustachio is lightly wounded.
The jackal bites you but does no damage.
The quokka bites you but does no damage.
Eustachio hits you but does no damage.
The jackal bites you but does no damage.
The rat bites you but does no damage.
The shadow imp hits you but does no damage. x2
The jackal bites you.
* * * LOW HITPOINT WARNING * * *
The quokka bites you but does no damage.
You hit Eustachio but do no damage.
Eustachio is lightly wounded.
The jackal completely misses you. Eustachio hits you but does no damage.
The jackal barely misses you. The rat bites you but does no damage.
The quokka bites you but does no damage.
The shadow imp gestures at you.
You barely resist. The shadow imp hits you.
* * * LOW HITPOINT WARNING * * *
The jackal bites you.
* * * LOW HITPOINT WARNING * * *
Eustachio hits you but does no damage.
You completely miss Eustachio.
Eustachio is lightly wounded.
The jackal bites you but does no damage.
The rat bites you but does no damage.
The quokka bites you but does no damage.
The jackal bites you but does no damage.
The shadow imp hits you but does no damage. x2
The jackal barely misses you. Eustachio hits you but does no damage.
You are electrocuted!
You die...

.... .... ###... #.).#
####### #.⌠.#
#.....###...###..
########.###...hrr......
.........#....⌠h@@..⌠...
...........##..55.!.....
################...#####
#.⌠.# #...# #####


You could see Eustachio, 2 shadow imps, a quokka (summoned), 2 jackals and a rat
(summoned).

Vanquished Creatures
  A kobold brigand (Sewer)
  An orc priest (D:4)
  A sleepcap (D:4)
  6 adders
  An ufetubus (D:4)
  4 worms
  2 dart slugs
  14 orcs
  13 ball pythons
  8 bats
  12 endoplasms
  6 giant cockroaches
  4 goblins
  6 hobgoblins
  8 jackals
  4 quokkas
  2 frilled lizards
  15 kobolds
  7 rats
115 creatures vanquished.

Notes
Turn   | Place    | Note
-------+----------+-------------------------------------------
     0 | D:1      | jagang the Human Monk began the quest for the Orb.
     0 | D:1      | Reached XP level 1. HP: 18/18 MP: 1/1
    80 | D:1      | Reached XP level 2. HP: 24/24 MP: 2/2
    89 | D:1      | Found Suohos's Armour Shoppe.
   106 | D:1      | Found Uhoorom's Jewellery Boutique.
   169 | D:1      | Reached skill level 1 in Armour
   234 | D:1      | Reached XP level 3. HP: 27/29 MP: 3/3
   282 | D:1      | You fall into a shaft and drop 1 floor!
   706 | D:2      | Found a shimmering blue altar of Sif Muna.
   712 | D:2      | Reached XP level 4. HP: 35/35 MP: 4/4
  1039 | D:1      | Bought a +0 buckler for 45 gold pieces
  1587 | D:3      | Found a glowing drain.
  1677 | D:3      | Reached XP level 5. HP: 33/42 MP: 5/5
  1712 | Sewer    | Entered a sewer
  1764 | Sewer    | Noticed a kobold brigand
  1780 | Sewer    | Killed a kobold brigand
  1781 | Sewer    | Reached skill level 1 in Shields
  1865 | Sewer    | Reached XP level 6. HP: 48/48 MP: 6/6
  2429 | D:4      | Found Lemn's Antique Armour Shop.
  2851 | D:4      | Found Usale's Magic Scroll Boutique.
  2854 | D:4      | Bought 2 scrolls of identify for 40 gold pieces
  2854 | D:4      | Bought a scroll of identify for 20 gold pieces
  2854 | D:4      | Bought a scroll of enchant weapon for 75 gold pieces
  2854 | D:4      | Bought a scroll of identify for 20 gold pieces
  2854 | D:4      | Bought a scroll of identify for 20 gold pieces
  2862 | D:4      | Found Acvont's Antique Weapon Shoppe.
  2893 | D:4      | Found Dinaxtij's Armour Boutique.
  3134 | D:5      | Entered Level 5 of the Dungeon
  3134 | D:5      | Found a shimmering blue altar of Sif Muna.
  3209 | D:5      | Found a staircase to the Ecumenical Temple.
  3213 | D:5      | Noticed Eustachio
  3229 | D:5      | Mangled by Eustachio

Illustrated notes

Levels and vault maps discovered:
D:1:      scummos_arrival_hexagon, layout_rooms, serial_shops, shop, shop
D:2:      layout_basic, basic_altar, minmay_tripent
D:3:      layout_rooms, gup_sewer_entry_glass, chequers_serial_rivers_micro_c
D:4:      layout_rooms, serial_shops, shop, kennysheep_mini_moat, shop, shop,
          minmay_misc_feat_tiny
D:5:      layout_rooms, amcnicky_altar_gilded, mainiacjoe_overflow_swirl,
          minmay_temple_entry_junction, uniq_eustachio

Skill      XL: |  1  2  3  4  5  6 |
---------------+-------------------+-----
Armour         | 1 2 3 |  3.1
Fighting       | 4 |  4.4
Long Blades    | 4 |  4.4
Shields        | 1 |  1.5
Dodging        | |  3.6

Action                     |  1- 3 |  4- 6 || total
---------------------------+-------+-------++-------
  Melee: Falchion          |    63 |   285 ||   348
    Use: Scroll            |       |    11 ||    11
 Armour: Chain mail        |    20 |    90 ||   110
         Plate armour      |       |   137 ||   137
  Dodge: Dodged            |    14 |    83 ||    97
